 Dungeon Crawl Stone Soup version 0.23-a0-481-g60b89c1 (webtiles) character file.

5054 galech the Cleaver (level 10, -3/77 HPs)
             Began as a Demonspawn Fighter on Nov 29, 2018.
             Was a Priest of Okawaru.
             Slain by an orc warrior
             ... wielding a +0 trident
              (4 damage)
             ... on level 9 of the Dungeon.
             The game lasted 00:10:49 (8394 turns).

galech the Cleaver (Demonspawn Fighter)             Turns: 8394, Time: 00:10:50

Health: -3/77      AC: 12    Str: 17    XL:     10   Next: 31%
Magic:  10/10      EV:  7    Int:  9    God:    Okawaru [***...]
Gold:   0          SH: 10    Dex: 16    Spells: 9/9 levels left

rFire    + . .     SeeInvis .   H - +4 hand axe
rCold    . . .     Gourm    .   c - +0 shield
rNeg     . . .     Faith    .   w - +0 chain mail
rPois    .         Spirit   .   (no helmet)
rElec    .         Reflect  .   j - +0 cloak
rCorr    .         Harm     .   (no gloves)
MR       .....                  (no boots)
Stlth    ..........             a - amulet of magic regeneration
HPRegen  0.22/turn              n - +1 ring of protection
MPRegen  0.37/turn              (no ring)

@: no status effects
A: talons 2, fire resistance 1, ignite blood, flame cloud immunity
a: Heroism, Renounce Religion


You were on level 9 of the Dungeon.
You worshipped Okawaru.
Okawaru was most pleased with you.
You were hungry.

You visited 2 branches of the dungeon, and saw 10 of its levels.
You also visited: Ossuary.

Inventory:

Hand Weapons
 H - a +4 hand axe (weapon)
Armour
 c - a +0 shield (worn)
 j - a +0 cloak (worn)
 r - a +2 robe of positive energy
 w - a +0 chain mail (worn)
Jewellery
 a - an amulet of magic regeneration (around neck)
 h - an uncursed amulet of the gourmand
 n - a +1 ring of protection (left hand)
Wands
 u - a wand of disintegration (16)
 y - a wand of flame (14)
 F - a wand of digging (4)
 J - a wand of polymorph (10)
Scrolls
 b - 3 scrolls of silence
 g - a scroll of noise
 i - 5 scrolls of teleportation
 l - 4 scrolls of fear
 m - 2 scrolls of magic mapping
 s - 3 scrolls of blinking
 t - a scroll of fog
 x - 10 scrolls of remove curse
 z - 5 scrolls of amnesia
 A - 3 scrolls of enchant weapon {unknown}
 D - a scroll of holy word {unknown}
 E - a scroll of immolation {unknown}
 K - a scroll of enchant armour {unknown}
 L - 3 scrolls of identify
Potions
 d - 5 potions of might
 e - a potion of haste {unknown}
 k - a potion of resistance {unknown}
 o - 4 potions of heal wounds {unknown}
 p - 4 potions of curing
 q - 3 potions of lignification {unknown}
 v - 2 potions of magic {unknown}
 B - a potion of flight {unknown}
 C - 2 potions of degeneration {unknown}
 G - 2 potions of agility {unknown}
 I - 3 potions of ambrosia {unknown}
 M - a potion of brilliance {unknown}
Comestibles
 f - 18 rations
 N - 5 chunks of flesh


   Skills:
 + Level 6.6 Fighting
 + Level 8.5 Axes
 + Level 7.0 Armour
 + Level 3.3 Dodging
 + Level 1.0 Stealth
 + Level 6.9 Shields
 + Level 0.1 Unarmed Combat
 + Level 0.5 Invocations


You had 9 spell levels left.
You didn't know any spells.
Your spell library was empty.

Dungeon Overview and Level Annotations

Branches:
Dungeon (9/15)             Temple (1/1) D:5
   Lair: D:8-11         Orc: D:9-12

Altars:
Ashenzari
Cheibriados
Dithmenos
Elyvilon
Fedhas
Gozag
Hepliaklqana
Kikubaaqudgha
Makhleb
Nemelex Xobeh
Okawaru
Qazlal
Ru
Sif Muna
Trog
Uskayaw
Vehumet
Wu Jian
Xom
Yredelemnul
Zin
The Shining One

Annotations:
D:9 3 runed doors, HydraWiggins's ghost, novice TrAE


Innate Abilities, Weirdness & Mutations

You have razor-sharp toenails.
Your flesh is heat resistant. (rF+)
Your demonic aura causes spilled blood to erupt in flames.
You are immune to clouds of flame.


Message History

You hit something. You block something's attack.
The orc priest barely misses you.
The orc warrior is engulfed in blazing flames.
The orc warrior hits you with a +0 trident.
* * * LOW HITPOINT WARNING * * *
You hit the orc priest.
You kill the orc priest!
Okawaru accepts your kill.
You completely miss something.
Your chain mail prevents you from hitting the orc warrior.
You feel like a meek peon again.
Unknown command.
You hit the orc warrior but do no damage.
You claw the orc warrior, but do no damage.
The orc warrior is moderately wounded.
You hit something but do no damage. Something hits you.
* * * LOW HITPOINT WARNING * * *
The orc warrior is engulfed in blazing flames.
The orc warrior hits you with a +0 trident.
You die...

#..#.## ##.รท..##
####.(##.###.##.##
#.....)......##.#
#.##.........##.#
#.##........###'##
#.##.#.#.#.###...##
#.#......#.##.....## #
#.#....###.#.......##
###......###....@o....#
.......(.......)......'.
#####........).)......##
#.#.######).<....#..
..### ##)....##.# ###.
##...## . ##'## .# .#


You could see an orc warrior.

Vanquished Creatures
  An ugly thing (D:9)
  Maurice (D:9)
  Psyche (D:9)
  Grinder (D:3)
  A hippogriff (D:9)
  A hornet (D:8)
  A meliai zombie (D:7)
  Sigmund (D:3)
  A wraith (Ossuary)
  A hungry ghost (D:8)
  A water moccasin (D:7)
  3 ice beasts
  An orc warrior (D:8)
  2 black bears
  2 ogres
  A phantom (D:8)
  A crocodile (D:8)
  A centaur (D:7)
  3 bullfrogs
  An elf zombie (Ossuary)
  A scorpion (D:7)
  5 wights (D:7)
  A howler monkey (D:4)
  A bullfrog zombie (D:6)
  6 crimson imps
  A quasit (D:6)
  A centaur skeleton (D:6)
  A hound (D:4)
  2 jellies
  2 bullfrog skeletons
  2 orc priests
  5 orc wizards
  Terence (D:2)
  Jessica (D:2)
  2 iguanas
  Ijyb (D:3)
  Natasha (thrice) (D:2)
  3 worker ants
  3 mummies (Ossuary)
  A howler monkey zombie (D:6)
  A worker ant zombie (D:7)
  5 gnolls
  A howler monkey skeleton (D:5)
  6 adders
  2 oozes (D:2)
  An adder skeleton (D:6)
  2 worms
  3 dart slugs
  3 leopard geckos
  18 orcs
  8 giant cockroaches
  9 goblins
  14 hobgoblins
  6 jackals
  4 quokkas
  3 ball pythons
  16 bats
  6 frilled lizards
  2 goblin zombies (Ossuary)
  3 hobgoblin zombies (Ossuary)
  A jackal zombie (D:8)
  7 kobolds
  A leopard gecko skeleton (D:7)
  A leopard gecko zombie (D:8)
  A quokka zombie (D:5)
  10 rats
203 creatures vanquished.

Notes
Turn   | Place    | Note
-------+----------+-------------------------------------------
     0 | D:1      | galech the Demonspawn Fighter began the quest for the Orb.
     0 | D:1      | Reached XP level 1. HP: 18/18 MP: 1/1
   134 | D:1      | Gained mutation: You have sharp toenails. [demonic
                  | ancestry]
   134 | D:1      | Reached XP level 2. HP: 23/24 MP: 2/2
   530 | D:1      | Reached skill level 2 in Axes
   649 | D:1      | Gained mutation: Your flesh is heat resistant. (rF+)
                  | [demonic ancestry]
   649 | D:1      | Reached XP level 3. HP: 29/29 MP: 3/3
   907 | D:2      | Noticed Natasha
   914 | D:2      | Killed Natasha
   922 | D:2      | Noticed Natasha
  1079 | D:2      | Killed Natasha
  1079 | D:2      | Reached XP level 4. HP: 32/35 MP: 4/4
  1198 | D:2      | Noticed Natasha
  1204 | D:2      | Killed Natasha
  1263 | D:2      | Noticed Jessica
  1267 | D:2      | Killed Jessica
  1267 | D:2      | Reached skill level 3 in Axes
  1267 | D:2      | Gained mutation: You are immune to clouds of flame.
                  | [demonic ancestry]
  1267 | D:2      | Reached XP level 5. HP: 41/41 MP: 5/5
  1284 | D:2      | Found a sparkling altar of Nemelex Xobeh.
  1286 | D:2      | Found a radiant altar of Vehumet.
  2021 | D:3      | Noticed Terence
  2023 | D:3      | Noticed Grinder
  2025 | D:3      | Paralysed by Grinder for 5 turns
  2173 | D:2      | Killed Terence
  2295 | D:3      | Killed Grinder
  2295 | D:3      | Reached skill level 4 in Axes
  2295 | D:3      | Reached skill level 1 in Dodging
  2295 | D:3      | Reached XP level 6. HP: 23/48 MP: 6/6
  2350 | D:3      | Found a white marble altar of Elyvilon.
  2439 | D:3      | Noticed Sigmund
  2447 | D:3      | Killed Sigmund
  2447 | D:3      | Gained mutation: Your demonic aura causes spilled blood to
                  | erupt in flames. [demonic ancestry]
  2447 | D:3      | Reached XP level 7. HP: 51/54 MP: 7/7
  2499 | D:3      | Noticed Ijyb
  2518 | D:3      | Killed Ijyb
  2533 | D:3      | Found a shattered altar of Ashenzari.
  2905 | D:4      | Found a sand-covered staircase.
  2923 | Ossuary  | Entered an ossuary
  2923 | Ossuary  | Noticed a wraith
  2923 | Ossuary  | Noticed a wraith
  2923 | Ossuary  | Noticed a wraith
  2964 | Ossuary  | Reached skill level 5 in Axes
  3365 | Ossuary  | Noticed a wraith
  3378 | Ossuary  | Killed a wraith
  3663 | D:4      | Gained mutation: You have razor-sharp toenails. [demonic
                  | ancestry]
  3663 | D:4      | Reached XP level 8. HP: 56/61 MP: 8/8
  3761 | D:4      | Reached skill level 6 in Axes
  3998 | D:4      | Found a shattered altar of Ashenzari.
  4089 | D:5      | Entered Level 5 of the Dungeon
  4727 | D:5      | Found a staircase to the Ecumenical Temple.
  4735 | Temple   | Entered the Ecumenical Temple
  4829 | Temple   | Became a worshipper of Warmaster Okawaru
  5225 | D:5      | Found an iron altar of Okawaru.
  5403 | D:6      | Found a shimmering altar of Xom.
  5615 | D:6      | Reached skill level 5 in Shields
  5812 | D:6      | Reached skill level 5 in Fighting
  6099 | D:7      | Reached skill level 5 in Armour
  6179 | D:7      | Reached * piety under Okawaru
  6179 | D:7      | Reached skill level 7 in Axes
  6179 | D:7      | Reached XP level 9. HP: 34/68 MP: 9/9
  6955 | D:7      | Found a burning altar of Makhleb.
  7178 | D:8      | Reached ** piety under Okawaru
  7437 | D:8      | Paralysed by a hornet for 3 turns
  7442 | D:8      | Paralysed by a hornet for 2 turns
  7449 | D:8      | HP: 1/69 [crocodile (11)]
  7449 | D:8      | Reached skill level 8 in Axes
  8058 | D:9      | Noticed a white ugly thing
  8070 | D:9      | Killed a white ugly thing
  8070 | D:9      | Reached *** piety under Okawaru
  8070 | D:9      | Received a gift from Okawaru
  8070 | D:9      | Reached XP level 10. HP: 32/76 MP: 10/10
  8278 | D:9      | Reached skill level 1 in Stealth
  8314 | D:9      | Noticed Maurice
  8315 | D:9      | Noticed Psyche
  8318 | D:9      | Found a runed gate.
  8318 | D:9      | Found a runed gate.
  8318 | D:9      | Found a runed gate.
  8318 | D:9      | Noticed HydraWiggins's ghost (novice TrAE)
  8351 | D:9      | Killed Psyche
  8384 | D:9      | Killed Maurice
  8394 | D:9      | HP: 1/77 [something (3)]
  8394 | D:9      | Slain by an orc warrior

Vault maps used:
D:1:      ncdulo_smallfort
D:2:      chequers_temple_overflow_statue_of_worship, st_stairs_5, uniq_jessica,
          uniq_natasha
D:3:      elyvilon_altar_4, ashenzari_altar_1, uniq_terence, uniq_ijyb,
          uniq_sigmund, uniq_grinder
D:4:      kennysheep_mini_moat, enter_ossuary_3, first_ration
D:5:      minmay_temple_entry_proselytizer, okawaru_altar_gauntlet_db
D:6:      tgw_xom
D:7:      makhleb_grotto_becter
D:9:      lair_entry_dummy, orc_0_dummy, gammafunk_ghost_spectres, uniq_harold,
          uniq_psyche, uniq_maurice
Temple:   minmay_temple_bridge_d
Ossuary:  ossuary_kennysheep_city_of_the_dead

Skill      XL: |  1  2  3  4  5  6  7  8  9 10 |
---------------+-------------------------------+-----
Axes           | 2 3 4 5 7 8 |  8.5
Shields        | 3 4 5 6 |  6.9
Armour         | 3 4 5 6 7 |  7.0
Fighting       | 4 5 6 |  6.6
Dodging        | 1 2 3 |  3.3
Stealth        | 1 |  1.0
Unarmed Combat | |  0.1
Invocations    | |  0.5

Action                   |  1- 3 |  4- 6 |  7- 9 | 10-12 || total
-------------------------+-------+-------+-------+-------++-------
Melee: War axe           |    90 |   125 |   107 |       ||   322
       Kick              |    14 |    41 |   109 |     7 ||   171
       Hand axe          |       |       |   238 |    27 ||   265
       Unarmed           |       |       |       |     7 ||     7
Invok: Heroism           |       |       |     1 |     3 ||     4
  Use: Potion            |       |     2 |     2 |       ||     4
       Scroll            |       |       |    11 |     1 ||    12
  Eat: Chunk             |       |     5 |    14 |       ||    19
       Ration            |       |       |     2 |       ||     2
Armor: Scale mail        |    67 |    87 |       |       ||   154
       Chain mail        |       |     6 |   232 |    12 ||   250
Dodge: Dodged            |    30 |    51 |   105 |    14 ||   200
Block: Shield            |    65 |    71 |   183 |    12 ||   331

Table legend:
 A = Non-vault XP
 B = Vault XP
 C = Vault XP percentage of total XP
 D = Non-vault monster count
 E = Vault monster count
 F = Vault count percentage of total count
                 A         B        C        D         E       F
            +---------+---------+-------+---------+---------+-------
      Total |    5155 |    2066 |  28.6 |     175 |      28 |  13.8
            +---------+---------+-------+---------+---------+-------
        D:1 |      47 |       0 |   0.0 |      28 |       0 |   0.0
        D:2 |     211 |     112 |  34.7 |      40 |       5 |  11.1
        D:3 |      55 |     536 |  90.7 |      18 |       3 |  14.3
        D:4 |     388 |       0 |   0.0 |      11 |       0 |   0.0
        D:5 |      15 |      65 |  81.2 |       2 |       7 |  77.8
        D:6 |     512 |       0 |   0.0 |      21 |       0 |   0.0
        D:7 |    1455 |      52 |   3.5 |      21 |       1 |   4.5
        D:8 |    1196 |       0 |   0.0 |      22 |       0 |   0.0
        D:9 |    1276 |     920 |  41.9 |      12 |       2 |  14.3
    Ossuary |       0 |     381 | 100.0 |       0 |      10 | 100.0
            +---------+---------+-------+---------+---------+-------
